 Dungeon Crawl Stone Soup version 0.18.1-1-g2f07953 (webtiles) character file.

12048 kae the Arsonist (level 11, -5/67 HPs)
             Began as a Deep Elf Fire Elementalist on May 6, 2016.
             Was an Elder of Vehumet.
             Slain by Keyn's ghost (8 damage)
             ... on level 2 of the Lair of Beasts.
             The game lasted 00:29:32 (14016 turns).

kae the Arsonist (Deep Elf Fire Elementalist)      Turns: 14016, Time: 00:29:33

Health: -5/67      AC:  5    Str:  7    XL:     11   Next: 57%
Magic:  25/26      EV: 17    Int: 22    God:    Vehumet [****..]
Gold:   771        SH:  0    Dex: 15    Spells: 8 memorised, 4 levels left

rFire  . . .     SeeInvis .     y - staff of wizardry
rCold  . . .     Gourm    .     a - +1 robe
rNeg   + . .     Faith    .     (no shield)
rPois  .         Spirit   .     (no helmet)
rElec  .         Dismiss  .     (no cloak)
rCorr  .         Reflect  .     C - +1 pair of gloves
SustAt .         Harm     .     (no boots)
MR     +....                    (no amulet)
Stlth  ++........               J - ring of positive energy
                                o - ring of wizardry

@: very slightly contaminated, somewhat resistant to hostile enchantments,
unstealthy
A: no striking features
a: Renounce Religion


You were on level 2 of the Lair of Beasts.
You worshipped Vehumet.
Vehumet was greatly pleased with you.
You were hungry.

You visited 3 branches of the dungeon, and saw 12 of its levels.

You collected 771 gold pieces.

Inventory:

Hand Weapons
 s - a +0 rapier of protection
 u - the +5 hand axe "Gaz Rabruila" {drain, rPois rN+ MP+9 Str+4 Int-4, unknown}
   (You found it on level 7 of the Dungeon)

   A truly terrible weapon, it drains the life of those it strikes.
   It affects your strength (+4).
   It affects your intelligence (-4).
   It protects you from poison.
   It protects you from negative energy.
   It affects your magic capacity (+9).
Armour
 a - a +1 robe (worn)
 C - a +1 pair of gloves (worn)
Magical Staves
 y - an uncursed staff of wizardry (weapon)
Jewellery
 o - a ring of wizardry (left hand)
 t - an uncursed ring of resist corrosion
 J - a ring of positive energy (right hand)
Scrolls
 d - 2 scrolls of immolation
 m - 3 scrolls of teleportation
 r - a scroll of magic mapping
 w - 3 scrolls of fog
 A - a scroll of recharging
 H - a scroll of remove curse
Potions
 e - 2 potions of flight
 f - 3 potions of mutation
 j - 2 potions of cancellation
 l - a potion of resistance
 n - a potion of ambrosia
 q - 2 potions of lignification
 x - 5 potions of curing
 B - a potion of heal wounds {unknown}
 G - 2 potions of brilliance
Books
 b - a book of Flames

   Spells                             Type                      Level
   a - Flame Tongue                   Conjuration/Fire             1
   b - Throw Flame                    Conjuration/Fire             2
   c - Conjure Flame                  Conjuration/Fire             3
   d - Inner Flame                    Hexes/Fire                   3
   e - Sticky Flame                   Conjuration/Fire             4
   f - Fireball                       Conjuration/Fire             5
 i - a book of Dreams

   Spells                             Type                      Level
   a - Ensorcelled Hibernation        Hexes/Ice                    2
   b - Silence                        Hexes/Air                    5
   c - Darkness                       Hexes                        6
   d - Shadow Creatures               Summoning                    6
Comestibles
 c - 6 bread rations
 h - 5 meat rations
 k - 8 beef jerkies
 p - 11 fruits
 z - a slice of pizza
 E - 9 royal jellies


   Skills:
 - Level 7.1 Fighting
 - Level 8.3 Dodging
 - Level 2.4 Stealth
 - Level 9.0 Spellcasting
 - Level 10.7 Conjurations
 + Level 10.9 Fire Magic


You had 4 spell levels left.
You knew the following spells:

 Your Spells              Type           Power        Failure   Level  Hunger
a - Flame Tongue          Conj/Fire      #####        1%          1    None
b - Throw Flame           Conj/Fire      ######       1%          2    None
c - Conjure Flame         Conj/Fire      ######..     1%          3    None
d - Sticky Flame          Conj/Fire      ######..     1%          4    ##.....
e - Fireball              Conj/Fire      ######....   1%          5    ####...
f - Stone Arrow           Conj/Erth      ####..       1%          3    None
g - Ensorcelled Hibernat  Hex/Ice        #.....       3%          2    None
h - Fulminant Prism       Conj/Hex       ####......   1%          4    ##.....


Dungeon Overview and Level Annotations

Branches:
Dungeon (9/15)             Temple (1/1) D:6            Lair (2/8) D:9
    Orc (0/2) D:9

Altars:
Ashenzari
Cheibriados
Elyvilon
Pakellas
Qazlal
Trog
Vehumet
Xom
Zin

Shops:
D:9 (

Annotations:
Lair:2 Keyn's ghost, journeyman SpEn; Urug


Message History

You hit the bush but do no damage.
The bush is lightly damaged.
You hit the bush.
The bush is lightly damaged.
Keyn's ghost hits you.
* * * LOW HITPOINT WARNING * * *
You hit the bush.
The bush is lightly damaged.
Keyn's ghost gestures at you while chanting.
You fall asleep.
Keyn's ghost misses you. Keyn's ghost hits you.
You wake up.
* * * LOW HITPOINT WARNING * * *
Unknown command.
Unknown command.
Unknown command.
Keyn's ghost points at you and mumbles some strange words.
You fall asleep.
Keyn's ghost hits you!
You wake up.
You die...

#### ### #P.### ### ##P## ###
.....##### ###.# ##..P####.#
...PP....# ##P.### #.........####
PPPP.P...###P.P..###........'..##
P.PPPPPP.....PPP@.#P........##..P
..PPPPPPP.#.PPPPWP..........##...
...PPPPPP...P.PP..P..PP.......#.#
.##...PP.....PP..PPPP.........P.P
.###PPPPP.....P..PPPPP......P.PP.
.# ##PPP.#..##.##.PPPP......P♣♣PP
P# #...P.########PP.....#..PP♣♣P
## ##..#.#### ##.......#PP♣♣P♣
######..## ######W#....PP.


You could see Keyn's ghost.

Vanquished Creatures
  A hydra (Lair:1)
  The ghost of varam the Grappler, a novice TrTm of Cheibriados (D:6)
  The ghost of oplop the Changer, a novice OpTm (D:8)
  4 spiny frogs
  A troll (D:9)
  A two-headed ogre (D:9)
  4 blink frogs (Lair:1)
  A wyvern (D:9)
  6 yaks (D:9)
  A basilisk (Lair:2)
  3 hippogriffs
  Grum (Lair:1)
  A hungry ghost (D:8)
  2 soldier ants (D:8)
  A water moccasin (Lair:1)
  5 porcupines
  7 orc warriors (D:9)
  2 sky beasts (D:8)
  3 ice beasts
  A wasp (D:8)
  2 ogres
  A necrophage (D:8)
  5 centaurs
  2 crocodiles (Lair:2)
  7 wolves
  8 giant frogs
  2 scorpions
  9 killer bees
  7 howler monkeys
  A crimson imp (D:9)
  2 jellies
  A giant frog zombie (D:5)
  6 hounds
  7 orc priests
  2 centaur skeletons
  8 orc wizards
  2 giant frog skeletons
  2 iguanas
  5 worker ants
  3 hound zombies
  2 hound skeletons
  2 howler monkey zombies
  11 gnolls
  20 adders
  18 river rats
  2 shadow imps
  4 oozes
  2 worms
  6 dart slugs
  4 giant geckos
  45 orcs
  22 bats
  5 giant cockroaches
  11 goblins
  9 hobgoblins
  6 jackals
  5 kobolds
  4 quokkas
  A ball python (D:8)
  8 giant newts
  A jackal skeleton (D:7)
  A jackal zombie (D:6)
  2 quokka skeletons
  13 rats
  A butterfly (D:9)
334 creatures vanquished.

Vanquished Creatures (others)
  An orange crystal statue (D:8)
  A black bear (D:5)
  An iguana (D:5)
  A worker ant (D:5)
  An adder (D:5)
  A gnoll (D:5)
  2 orcs (D:5)
  A fulminant prism (Lair:2)
  14 fungi
  17 plants
40 creatures vanquished.

Grand Total: 374 creatures vanquished

Notes
Turn   | Place    | Note
--------------------------------------------------------------
     0 | D:1      | kae the Deep Elf Fire Elementalist began the quest for the Orb.
     0 | D:1      | Reached XP level 1. HP: 10/10 MP: 6/6
   107 | D:1      | Reached XP level 2. HP: 15/15 MP: 0/8
   497 | D:1      | Reached XP level 3. HP: 19/19 MP: 2/10
   995 | D:2      | Reached XP level 4. HP: 24/24 MP: 8/12
  1431 | D:3      | Reached XP level 5. HP: 25/28 MP: 8/13
  1529 | D:3      | Reached skill level 5 in Fire Magic
  2500 | D:3      | Reached XP level 6. HP: 13/32 MP: 9/15
  2974 | D:4      | Reached skill level 5 in Spellcasting
  3177 | D:5      | Entered Level 5 of the Dungeon
  3237 | D:5      | Found a shimmering altar of Xom.
  3462 | D:5      | Learned a level 2 spell: Throw Flame
  3466 | D:5      | Learned a level 3 spell: Conjure Flame
  3471 | D:5      | Learned a level 4 spell: Sticky Flame
  3477 | D:5      | Learned a level 5 spell: Fireball
  4076 | D:5      | Reached skill level 5 in Conjurations
  4076 | D:5      | Reached XP level 7. HP: 16/36 MP: 9/17
  5189 | D:6      | Found a staircase to the Ecumenical Temple.
  5210 | Temple   | Entered the Ecumenical Temple
  5317 | Temple   | Became a worshipper of Vehumet
  5499 | D:6      | Noticed varam's ghost (novice TrTm)
  5559 | D:6      | Killed varam's ghost
  5559 | D:6      | Reached XP level 8. HP: 48/48 MP: 3/19
  5799 | D:6      | Reached skill level 5 in Fighting
  6775 | D:7      | Reached XP level 9. HP: 53/55 MP: 15/20
  6919 | D:7      | Got a pitted hand axe
  7774 | D:7      | Reached skill level 5 in Dodging
  7857 | D:8      | Reached * piety under Vehumet
  7857 | D:8      | Offered knowledge of Sandblast by Vehumet.
  7875 | D:8      | Noticed oplop's ghost (novice OpTm)
  7898 | D:8      | Killed oplop's ghost
  8614 | D:8      | Reached XP level 10. HP: 63/63 MP: 10/23
  8706 | D:8      | Found an oddly glowing altar of Pakellas.
  8706 | D:8      | Noticed an orange crystal statue
  8707 | D:8      | Noticed a six-headed hydra
  8725 | D:8      | Killed an orange crystal statue
  9115 | D:9      | Found Ibuf's Weapon Boutique.
  9416 | D:9      | Offered knowledge of Shock by Vehumet.
  9431 | D:9      | Reached ** piety under Vehumet
  9780 | D:9      | Offered knowledge of Stone Arrow by Vehumet.
  9838 | D:9      | Learned a level 3 spell: Stone Arrow
  9841 | D:9      | Learned a level 2 spell: Ensorcelled Hibernation
 10317 | D:9      | Found a staircase to the Lair.
 10356 | D:9      | Reached *** piety under Vehumet
 10421 | D:9      | Found a snail-covered altar of Cheibriados.
 10562 | D:9      | Reached skill level 10 in Conjurations
 10581 | D:9      | Offered knowledge of Dazzling Spray by Vehumet.
 10697 | D:9      | Found a staircase to the Orcish Mines.
 11304 | Lair:1   | Entered Level 1 of the Lair of Beasts
 11307 | Lair:1   | Reached XP level 11. HP: 67/67 MP: 22/26
 11308 | Lair:1   | Noticed Grum
 11556 | Lair:1   | Killed Grum
 11772 | Lair:1   | Noticed a seven-headed hydra
 12409 | Lair:1   | Killed a seven-headed hydra
 12711 | Lair:2   | Identified a scroll of acquirement
 12750 | Lair:2   | Reached skill level 10 in Fire Magic
 12758 | Lair:2   | Noticed Keyn's ghost (journeyman SpEn)
 12937 | Lair:2   | Reached **** piety under Vehumet
 13040 | Lair:2   | Offered knowledge of Fulminant Prism by Vehumet.
 13062 | Lair:2   | Learned a level 4 spell: Fulminant Prism
 13320 | Lair:2   | Noticed Urug
 14013 | Lair:2   | HP: 3/67 [Keyn's ghost (4)]
 14016 | Lair:2   | Slain by Keyn's ghost

Skill      XL: |  1  2  3  4  5  6  7  8  9 10 11 |
---------------+----------------------------------+-----
Fire Magic     | 4 5 6 7 10 | 10.9
Conjurations   | 2 3 4 5 6 10 | 10.7
Spellcasting   | 4 5 6 7 9 |  9.0
Fighting       | 4 6 7 |  7.1
Dodging        | 8 |  8.3
Stealth        | |  2.4

Action                   |  1- 3 |  4- 6 |  7- 9 | 10-12 || total
-------------------------+-------+-------+-------+-------++-------
Melee: Unarmed           |     3 |     4 |       |       ||     7
       Long sword        |       |       |    22 |       ||    22
       Rapier            |       |       |    33 |    37 ||    70
       Staff             |       |       |       |    26 ||    26
 Cast: Flame Tongue      |    60 |   152 |   176 |   365 ||   753
       Sticky Flame      |       |     2 |    13 |    44 ||    59
       Throw Flame       |       |     1 |    57 |    41 ||    99
       Conjure Flame     |       |     1 |     5 |     9 ||    15
       Fireball          |       |       |     1 |     6 ||     7
       Stone Arrow       |       |       |       |     2 ||     2
       Fulminant Prism   |       |       |       |     1 ||     1
  Use: Scroll            |       |    13 |     7 |     8 ||    28
       Potion            |       |     3 |     1 |     2 ||     6
 Stab: Sleeping          |       |     1 |     3 |     2 ||     6
  Eat: Chunk             |       |     9 |    16 |    19 ||    44
       Fruit             |       |       |     1 |       ||     1
Armor: Robe              |     4 |     9 |    33 |    41 ||    87
Dodge: Dodged            |    16 |    59 |   113 |   241 ||   429
